 Dungeon Crawl Stone Soup version 0.22-a0-305-gd21a89c (webtiles) character file.

712 erloom the Slinger (level 8, -15/51 HPs)
             Began as a Halfling Hunter on Mar 30, 2018.
             Shot with an arrow by a centaur (18 damage)
             ... on level 5 of the Dungeon on Mar 31, 2018.
             The game lasted 00:18:32 (4773 turns).

erloom the Slinger (Halfling Hunter)                Turns: 4773, Time: 00:18:32

Health: -15/51     AC:  2    Str: 17    XL:     8   Next: 0%
Magic:  8/8        EV: 14    Int:  9    God:
Gold:   227        SH:  0    Dex: 17    Spells: 7/7 levels left

rFire    . . .     SeeInvis .   a - +2 hunting sling
rCold    . . .     Gourm    .   (shield restricted)
rNeg     . . .     Faith    .   z - -1 leather armour (curse)
rPois    .         Spirit   .   (no helmet)
rElec    .         Reflect  .   (no cloak)
rCorr    .         Harm     .   (no gloves)
MR       .....                  (no boots)
Stlth    +++.......             (no amulet)
HPRegen  0.17/turn              e - +4 ring of strength
MPRegen  0.11/turn              j - ring of wizardry

@: no status effects
A: small, mutation resistance 1
a: no special abilities


You were on level 5 of the Dungeon.
You were very hungry.

You visited 1 branch of the dungeon, and saw 7 of its levels.

You collected 227 gold pieces.

Inventory:

Hand Weapons
 a - a +2 hunting sling (weapon)
 b - a +0 rapier
Missiles
 d - a sling bullet (quivered)
 m - 31 stones
 o - 8 needles of confusion
 w - 11 poisoned needles
Armour
 c - a +0 leather armour
 z - a cursed -1 leather armour (worn)
Jewellery
 e - a +4 ring of strength (left hand)
 j - a ring of wizardry (right hand)
 q - an uncursed ring of fire
Wands
 y - a wand of flame (18)
 C - a wand of random effects (27)
Scrolls
 i - a scroll of remove curse {unknown}
 r - 2 scrolls of fear
 s - 3 scrolls of teleportation
 t - a scroll of amnesia
 v - a scroll of immolation
 D - a scroll of identify
Potions
 g - 2 potions of degeneration
 h - a potion of brilliance
 k - a potion of might
 l - 2 potions of flight
 n - a potion of cancellation {unknown}
 p - a potion of berserk rage {unknown}
 u - a potion of curing {unknown}
 x - a potion of haste {unknown}
 A - 2 potions of heal wounds {unknown}
 B - a potion of resistance {unknown}
Comestibles
 f - 10 rations


   Skills:
 + Level 2.9 Fighting
 + Level 2.2 Short Blades
 - Level 8.7 Slings
 - Level 2.1 Dodging
 - Level 7.1 Stealth


You had 7 spell levels left.
You didn't know any spells.

Dungeon Overview and Level Annotations

Branches:
Dungeon (7/15)
 Temple: D:4-7

Altars:
Ashenzari
Kikubaaqudgha
Makhleb

Annotations:
D:2 Sigmund


Innate Abilities, Weirdness & Mutations

You are small and have problems with some larger weapons.
You are somewhat resistant to further mutation.


Message History

Press ? for a list of commands and other information.
d - a sling bullet
d - 2 sling bullets (gained 1)
A centaur comes into view.
You see here a stone.
Firing (i - inventory. (/) - cycle)
d - 2 sling bullets (quivered)
Press: ? - help, Shift-Dir - straight line, f - centaur
Aim: a centaur (hasn't noticed you)
You shoot a sling bullet. The centaur shouts!
The sling bullet hits the centaur!
The centaur is heavily wounded.
The centaur wields a shortbow.
The centaur shoots an arrow.
The arrow hits you!
The centaur shoots an arrow.
The arrow hits you!
* * * LOW HITPOINT WARNING * * *
The centaur shoots an arrow.
The arrow hits you!
* * * LOW HITPOINT WARNING * * *
You see here 2 arrows.
The centaur shoots an arrow.
The arrow hits you!!
You die...

....##....#(......
#..!c..((.(....
####......(...####
...........(.##
#####........#
#....(..##
######...(...###
.................
#######@..#######
###.# #... #.....
#....## ######


You could see a centaur.

Vanquished Creatures
  Eustachio (D:4)
  3 ogres
  2 vampire bats (D:4)
  A crimson imp (D:5)
  An iguana (D:4)
  2 worker ants (D:4)
  A worker ant zombie (D:6)
  6 adders
  An adder skeleton (D:5)
  A worm (D:3)
  A dart slug (D:3)
  2 leopard geckos
  6 orcs
  6 bats
  3 bat skeletons (D:4)
  3 bat zombies (D:4)
  3 giant cockroaches
  6 goblins
  4 hobgoblins
  6 jackals
  A ball python (D:3)
  2 frilled lizards
  3 kobolds
  6 rats
71 creatures vanquished.

Notes
Turn   | Place    | Note
-------+----------+-------------------------------------------
     0 | D:1      | erloom the Halfling Hunter began the quest for the Orb.
     0 | D:1      | Reached XP level 1. HP: 14/14 MP: 1/1
    17 | D:1      | Reached skill level 6 in Slings
   187 | D:1      | Reached XP level 2. HP: 19/19 MP: 2/2
  1004 | D:2      | Reached skill level 7 in Slings
  1004 | D:2      | Reached XP level 3. HP: 21/24 MP: 3/3
  1156 | D:2      | Noticed Sigmund
  1578 | D:3      | Reached XP level 4. HP: 27/29 MP: 4/4
  1635 | D:3      | Reached skill level 8 in Slings
  2375 | D:4      | Found a shattered altar of Ashenzari.
  2442 | D:4      | Noticed an ogre
  2456 | D:4      | Killed an ogre
  2456 | D:4      | Reached XP level 5. HP: 19/34 MP: 5/5
  2725 | D:4      | Reached XP level 6. HP: 38/39 MP: 6/6
  2823 | D:4      | Noticed an ogre
  2854 | D:4      | Killed an ogre
  2854 | D:4      | Reached skill level 5 in Stealth
  3485 | D:4      | Found an ancient bone altar of Kikubaaqudgha.
  3512 | D:4      | Reached XP level 7. HP: 21/44 MP: 7/7
  4101 | D:4      | Noticed Eustachio
  4144 | D:4      | Killed Eustachio
  4304 | D:4      | You fall through a shaft for 3 floors!
  4309 | D:7      | Noticed a hippogriff
  4358 | D:6      | Found a burning altar of Makhleb.
  4460 | D:6      | Reached skill level 1 in Short Blades
  4532 | D:5      | Entered Level 5 of the Dungeon
  4753 | D:5      | Reached XP level 8. HP: 32/51 MP: 8/8
  4773 | D:5      | Shot with an arrow by a centaur

Vault maps used:
D:1:      zelgadis_glass_arrival_small
D:2:      serial_forest, infiniplex_forest_straight_5,
          infiniplex_forest_clump_cross, infiniplex_forest_diagonal,
          infiniplex_forest_lined_4_way, infiniplex_forest_lined_2,
          infiniplex_forest_lined_room_2, infiniplex_forest_clump_medium,
          infiniplex_forest_straight_1, uniq_sigmund
D:3:      kb_forest_paths, first_ration
D:4:      kennysheep_vampire_church, nicolae_ashenzari_panopticon,
          uniq_eustachio
D:5:      glass_columns_a
D:6:      yredelemnul_forgotten_temple_becter, old_standard_altar,
          gammafunk_temple_overflow_pools, minmay_temple_entry_from_below_b,
          hangedman_abyss_or_decor_lesser_grid, minivault_1
D:7:      elyvilon_altar_4, zin_treasury, old_standard_altar, grunt_ogre_cave

Skill      XL: |  1  2  3  4  5  6  7 |
---------------+----------------------+-----
Slings         | 6 7 8 |  8.7
Stealth        | 3 4 6 7 |  7.1
Fighting       | 2 |  2.9
Short Blades   | 2 |  2.2
Dodging        | |  2.1

Action                   |  1- 3 |  4- 6 |  7- 9 || total
-------------------------+-------+-------+-------++-------
Melee: Short sword       |    22 |    85 |     8 ||   115
       Rapier            |       |       |    27 ||    27
 Fire: Hunting sling     |    50 |    64 |    63 ||   177
  Use: Scroll            |       |     7 |     2 ||     9
  Eat: Chunk             |     2 |     4 |     1 ||     7
       Ration            |       |     1 |       ||     1
Armor: Leather armour    |     3 |    31 |     9 ||    43
Dodge: Dodged            |    27 |   131 |    51 ||   209

Table legend:
 A = Spawn XP
 B = Non-spawn XP
 C = Spawn XP percentage of total XP
 D = Spawn monster count
 E = Non-spawn monster count
 F = Spawn count percentage of total count
 G = Total turns spent on level
                    A         B        C        D         E        F      G
               +---------+---------+-------+---------+---------+-------+---------
         Total |       0 |    1018 |   0.0 |       0 |      71 |   0.0 |  4773
               +---------+---------+-------+---------+---------+-------+---------
           D:1 |       0 |      20 |   0.0 |       0 |      12 |   0.0 |   677
           D:2 |       0 |      17 |   0.0 |       0 |       4 |   0.0 |   950
           D:3 |       0 |      75 |   0.0 |       0 |      26 |   0.0 |  1130
           D:4 |       0 |     703 |   0.0 |       0 |      21 |   0.0 |  1694
           D:5 |       0 |      57 |   0.0 |       0 |       3 |   0.0 |    94
           D:6 |       0 |     146 |   0.0 |       0 |       5 |   0.0 |   197
               +---------+---------+-------+---------+---------+-------+---------
